 Dungeon Crawl Stone Soup version 0.20.1-1-g8b1a95d (webtiles) character file.

2 tidbits the Insei (level 1, -2/15 HPs)
             Began as a Demigod Transmuter on Aug 31, 2017.
             Slain by a kobold
             ... wielding a +0 short sword
              (7 damage)
             ... on level 1 of the Dungeon.
             The game lasted 00:01:30 (126 turns).

tidbits the Insei (Demigod Transmuter)               Turns: 126, Time: 00:01:31

Health: -2/15      AC:  2    Str: 13    XL:     1   Next: 26%
Magic:  4/5        EV: 12    Int: 17    God:
Gold:   10         SH:  0    Dex: 16    Spells: 3/4 levels left

rFire    . . .     SeeInvis .   a - +0 club
rCold    . . .     Gourm    .   (no shield)
rNeg     . . .     Faith    .   b - +0 robe
rPois    .         Spirit   .   (no helmet)
rElec    .         Reflect  .   (no cloak)
rCorr    .         Harm     .   (no gloves)
MR       .....                  (no boots)
Stlth    +.........             (no amulet)
Regen    0.1/turn               (no ring)
MPRegen  0.1/turn               (no ring)

@: appendage
A: horns 2, high mp 1
a: End Transformation


You were on level 1 of the Dungeon.
You were not hungry.
You had grown temporary horns.
You visited 1 branch of the dungeon, and saw 1 of its levels.

You collected 10 gold pieces.

Inventory:

Hand Weapons
 a - a +0 club (weapon)
Missiles
 e - 12 arrows
Armour
 b - a +0 robe (worn)
Scrolls
 f - a scroll of identify {unknown}
 t - 6 scrolls of teleportation
Potions
 g - a potion of might {unknown}
Books
 c - a book of Changes

   Spells                             Type                      Level
   a - Beastly Appendage              Transmutation                1
   b - Sticks to Snakes               Transmutation                2
   c - Spider Form                    Transmutation/Poison         3
   d - Ice Form                       Ice/Transmutation            4
   e - Blade Hands                    Transmutation                5
Comestibles
 d - a bread ration


   Skills:
 - Level 0.8 Fighting
 - Level 1.7 Dodging
 - Level 2.6 Unarmed Combat
 - Level 2.0 Spellcasting
 + Level 1.7 Transmutations


You had 3 spell levels left.
You knew the following spells:

 Your Spells              Type           Power        Failure   Level  Hunger
e - Beastly Appendage     Tmut           #.....       10%         1    #......


Dungeon Overview and Level Annotations

Branches:
Dungeon (1/15)


Innate Abilities, Weirdness & Mutations

You have an increased reservoir of magic. (+10% MP)
You have a pair of horns on your head.


Message History

Welcome, tidbits the Demigod Transmuter.
It is said that the Orb of Zot exists deep within this dungeon.
Press ? for a list of commands and other information.
Found 3 scrolls labeled PATZAO CIXKAIMN.
Found a staircase leading out of the dungeon.
e - 3 scrolls labeled PATZAO CIXKAIMN
Found a scroll labeled QATIRI ARIMUZ.
f - a scroll labeled QATIRI ARIMUZ
As you read the scroll labeled PATZAO CIXKAIMN, it crumbles to dust.
You feel strangely unstable.
It was a scroll of teleportation.
You open the gate.
There is an open gate here.
Your surroundings suddenly seem different.
Found a leather armour.
You see here a leather armour.
Adjust (i)tems, (s)pells, or (a)bilities?
Adjust which item? (? for menu, Esc to quit)
e - 2 scrolls of teleportation Adjust to which letter? (? for menu, Esc to quit)
t - 2 scrolls of teleportation A hobgoblin comes into view.
It is wielding a club.
The hobgoblin shouts!
Found 3 scrolls of teleportation.
You see here 3 scrolls of teleportation.
t - 5 scrolls of teleportation (gained 3)
Casting: Beastly Appendage
Confirm with . or Enter, or press ? or * to list all spells.
Your feet morph into talons.
A hobgoblin comes into view. It is wielding a club.
The hobgoblin shouts!
You hit the hobgoblin but do no damage. Your kick misses the hobgoblin.
The hobgoblin hits you but does no damage.
You hit the hobgoblin but do no damage.
You claw the hobgoblin, but do no damage.
The hobgoblin barely misses you.
You closely miss the hobgoblin. You hit the hobgoblin.
Your kick misses the hobgoblin.
The hobgoblin is moderately wounded.
The hobgoblin closely misses you.
You closely miss the hobgoblin. Your kick misses the hobgoblin.
The hobgoblin is moderately wounded.
The hobgoblin hits you with a club.
You barely miss the hobgoblin.
The hobgoblin is moderately wounded.
The hobgoblin barely misses you.
You hit the hobgoblin but do no damage. Your kick misses the hobgoblin.
The hobgoblin is moderately wounded.
The hobgoblin barely misses you.
You closely miss the hobgoblin. You claw the hobgoblin.
The hobgoblin is heavily wounded.
Your transformation is almost over.
The hobgoblin hits you with a club.
* * * LOW HITPOINT WARNING * * *
You closely miss the hobgoblin.
You claw the hobgoblin, but do no damage.
The hobgoblin is heavily wounded.
You hit the hobgoblin.
You kill the hobgoblin!
Casting: Beastly Appendage
Confirm with . or Enter, or press ? or * to list all spells.
You extend your transformation's duration.
The hobgoblin hits you with a club.
* * * LOW HITPOINT WARNING * * *
You barely miss the hobgoblin. You claw the hobgoblin.
You kill the hobgoblin!
Your Spellcasting skill increases to level 2!
Items here: )) †† a club x2; a hobgoblin corpse x2
e - a club Wield which item (- for none, * to show all)? (? for menu, Esc to quit)
e - a +0 club (weapon)
Adjust (i)tems, (s)pells, or (a)bilities?
Adjust which item? (? for menu, Esc to quit)
e - a +0 club (weapon)
Adjust to which letter? (? for menu, Esc to quit)
a - a +0 club (weapon);
e - 12 arrows Your transformation is almost over.
Magic restored.
Found an orange potion.
Your talons disappear.
g - an orange potion
There are no items here.
Found a scroll of teleportation.
t - 6 scrolls of teleportation (gained 1)
You now have 10 gold pieces.
A kobold comes into view. It is wielding a short sword.
The kobold shouts!
Casting: Beastly Appendage
Confirm with . or Enter, or press ? or * to list all spells.
You grow a pair of large bovine horns.
You barely miss the kobold. The kobold hits you with a short sword.
* * * LOW HITPOINT WARNING * * *
The kobold hits you but does no damage.
You closely miss the kobold. The kobold hits you with a short sword!
You die...

#.# #.#
#.# #.#
#.# #.#
#.# #.#
#.# #.#
###.###.#
#.....#.#
.#.....#.#
......K@.#
.#.....###
.......
.######


You could see a kobold.

Vanquished Creatures
  2 hobgoblins (D:1)
2 creatures vanquished.

Notes
Turn   | Place    | Note
-------+----------+-------------------------------------------
     0 | D:1      | tidbits the Demigod Transmuter began the quest for the Orb.
     0 | D:1      | Reached XP level 1. HP: 15/15 MP: 5/5
    52 | D:1      | Reached skill level 2 in Spellcasting
   126 | D:1      | Slain by a kobold

Skill      XL: |  1 |
---------------+----+-----
Spellcasting   | 2 |  2.0
Fighting       | |  0.8
Dodging        | |  1.7
Unarmed Combat | |  2.6
Transmutations | |  1.7

Action                   || total
-------------------------++-------
Melee: Unarmed           ||    11
       Kick              ||     4
       Club              ||     2
 Cast: Beastly Appendage ||     3
  Use: Scroll            ||     1
Dodge: Dodged            ||     4

Table legend:
 A = Turns spent in this place as a percentage of turns spent in the entire game.
 B = Non-inter-level travel turns spent in this place as a percentage of non-inter-level travel turns spent in the entire game.
 C = Inter-level travel turns spent in this place as a percentage of turns spent in this place.
 D = Turns resting spent in this place as a percentage of non-inter-level travel turns spent in this place.
 E = Turns spent auto-exploring this place as a percentage of non-inter-level travel turns spent in this place.
 F = Non-inter-level travel turns spent in this place divided by the number of levels of this place that you've seen.
                   A       B       C       D       E      F
               +-------+-------+-------+-------+-------+----------------------
         Total | 100.0 | 100.0 |   0.0 |   0.0 |   0.0 | 105.0
       Dungeon | 100.0 | 100.0 |   0.0 |   0.0 |   0.0 | 105.0
               +-------+-------+-------+-------+-------+----------------------

Table legend:
 A = Kills in this place as a percentage of kills in entire the game.
 B = Kills by you in this place as a percentage of kills by you in the entire game.
 C = Kills by friends in this place as a percentage of kills by friends in the entire game.
 D = Other kills in this place as a percentage of other kills in the entire game.
 E = Experience gained in this place as a percentage of experience gained in the entire game.
 F = Experience gained in this place divided by the number of levels of this place that you have seen.
                   A       B       C       D       E      F
               +-------+-------+-------+-------+-------+----------------------
         Total | 100.0 | 100.0 |  -nan |  -nan | 100.0 |   4.0
       Dungeon | 100.0 | 100.0 |  -nan |  -nan | 100.0 |   4.0
               +-------+-------+-------+-------+-------+----------------------

Vault maps used:
D:1:      kennysheep_arrival_seaside
